Map: Dusk Towers

Players

Snovski

  • Race: Protoss Protoss
  • League: Master

Monty - Winner!

  • Race: Protoss Protoss
  • League: Grandmaster

Event: DreamHack ZOWIE Open Leipzig

VOD

Have the link to the VOD?

Description

Time

  • Played on: Jan. 22, 2016, 8:49 a.m.
  • Length: 11:53

All games in this series

Show
View Real Time Build Order
Export as new Build Order

Snovski Protoss 

Build Orders: Nexus First, Phoenix Opening 

Get SALT Encoding   

  12  0:01  Probe (Chrono Boost)  
  13  0:11  Probe (Chrono Boost)  
  14  0:17  Pylon  
  14  0:22  Probe (Chrono Boost)  
  16  0:35  Probe (Chrono Boost)  
  16  0:46  Probe (Chrono Boost)  
  17  0:57  Nexus  
  17  1:07  Gateway  
  17  1:10  Probe (Chrono Boost)  
  18  1:16  Assimilator  
  18  1:21  Assimilator  
  18  1:24  Probe (Chrono Boost)  
  19  1:35  Gateway  
  19  1:37  Probe (Chrono Boost)  
  20  1:47  Probe (Chrono Boost)  
  20  1:54  Cybernetics Core  
  21  1:58  Probe (Chrono Boost)  
  23  2:08  Probe (Chrono Boost)  
  23  2:10  Probe (Chrono Boost)  
  24  2:19  Probe (Chrono Boost)  
  24  2:20  Probe (Chrono Boost)  
  26  2:29  Probe (Chrono Boost)  
  27  2:31  Probe (Chrono Boost)  
  27  2:32  Stargate  
  28  2:37  Adept (Chrono Boost)  
  28  2:38  Adept (Chrono Boost)  
  28  2:42  Probe  
  28  2:44  Probe  
  34  2:54  Mothership Core (Chrono Boost), Pylon  
  34  2:57  Probe (Chrono Boost)  
  37  3:02  Warp Gate  
  37  3:07  Pylon  
  37  3:08  Probe (Chrono Boost)  
  38  3:15  Probe (Chrono Boost)  
  39  3:22  Phoenix (Chrono Boost)  
  41  3:30  Probe x2 (Chrono Boost)  
  41  3:34  Assimilator  
  41  3:38  Assimilator  
  41  3:39  Probe  
  41  3:41  Probe  
  43  3:46  Phoenix (Chrono Boost)  
  45  3:49  Probe  
  45  3:53  Probe  
  46  4:00  Probe  
  47  4:05  Probe  
  48  4:10  Probe  
  48  4:17  Probe, Phoenix (Chrono Boost), Robotics Facility  
  51  4:21  Probe  
  53  4:29  Probe  
  53  4:31  Pylon  
  54  4:36  Pylon  
  54  4:47  Probe, Void Ray (Chrono Boost)  
  54  4:48  Gateway  
  54  4:49  Gateway, Probe  
  60  4:58  Probe  
  61  5:01  Probe  
  62  5:08  Immortal (Chrono Boost)  
  62  5:10  Probe  
  62  5:11  Sentry  
  62  5:13  Probe  
  70  5:14  Nexus  
  70  5:17  Pylon  
  70  5:19  Pylon  
  70  5:39  Probe x2  
  73  5:43  Observer (Chrono Boost)  
  73  5:49  Pylon  
  73  5:50  Gateway  
  73  5:55  Gateway, Void Ray  
  73  5:56  Gateway  
  73  6:01  Immortal (Chrono Boost)  
  73  6:02  Gateway  
  81  6:07  Gateway  
  81  6:11  Sentry  
  81  6:12  Sentry x2  
  80  6:26  Pylon  
  80  6:27  Pylon  
  80  6:28  Mothership Core (Chrono Boost)  
  82  6:35  Immortal (Chrono Boost)  
  82  6:38  Pylon, Void Ray  
  86  6:44  Stalker x2  
  86  6:45  Stalker  
  96  6:48  Pylon  
  96  6:50  Pylon  
  96  7:02  Stalker  
  96  7:03  Stalker  
  99  7:12  Immortal (Chrono Boost)  
  103  7:22  Stalker x4  
  109  7:27  Nexus  
  109  7:28  Pylon  
  111  7:36  Stalker x2  
  115  7:50  Pylon  
  111  7:52  Stalker  
  111  7:53  Stalker x4  
  121  8:07  Probe x2  
  121  8:09  Forge  
  123  8:19  Probe x2  
  129  8:31  Probe  
  130  8:37  Twilight Council, Robotics Facility  
  130  8:40  Adept x2  
  128  8:52  Observer (Chrono Boost)  
  120  8:57  Pylon  
  120  9:00  Pylon  
  120  9:06  Protoss Ground Weapons Level 1  
  116  9:15  Observer (Chrono Boost)  
  113  9:34  Immortal (Chrono Boost)  
  113  9:35  Nexus  
  117  9:40  Pylon  
  117  9:41  Probe  
  117  9:42  Probe x2  
  117  9:44  Pylon  
  120  9:52  Probe  
  120  9:54  Probe  
  120  9:58  Immortal (Chrono Boost)  
  126  10:01  Probe  
  126  10:04  Probe (Chrono Boost)  
  128  10:08  Probe (Chrono Boost)  
  128  10:13  Probe (Chrono Boost), Pylon  
  130  10:16  Probe (Chrono Boost)  
  130  10:19  Probe (Chrono Boost)  
  125  10:26  Probe (Chrono Boost)  
  126  10:30  Probe x2 (Chrono Boost)  
  126  10:35  Immortal (Chrono Boost)  
  128  10:36  Robotics Bay  
  128  10:41  Immortal (Chrono Boost)  
  132  10:47  Probe  
  132  10:48  Probe x2  
  139  10:50  Probe  
  138  10:57  Templar Archives  
  138  10:58  Probe  
  138  11:00  Probe x2  
  141  11:17  Stalker x4  
  132  11:26  Stalker  
  132  11:27  Stalker x2  
  132  11:42  Stalker x3  
  132  11:43  Stalker  
Show
View Real Time Build Order
Export as new Build Order

Monty Protoss - Winner!

Build Orders: Nexus First 

Get SALT Encoding   

  12  0:01  Probe (Chrono Boost)  
  13  0:12  Probe (Chrono Boost)  
  14  0:18  Pylon  
  14  0:22  Probe (Chrono Boost)  
  15  0:36  Probe (Chrono Boost)  
  16  0:47  Probe (Chrono Boost)  
  17  1:00  Nexus  
  17  1:09  Gateway  
  17  1:12  Probe (Chrono Boost)  
  17  1:16  Assimilator  
  18  1:22  Probe (Chrono Boost)  
  19  1:25  Assimilator  
  19  1:33  Probe (Chrono Boost)  
  20  1:43  Gateway, Probe (Chrono Boost)  
  22  1:54  Probe (Chrono Boost)  
  22  1:56  Cybernetics Core  
  22  2:04  Probe (Chrono Boost)  
  23  2:12  Probe (Chrono Boost)  
  23  2:15  Probe (Chrono Boost)  
  25  2:23  Probe (Chrono Boost)  
  25  2:25  Probe (Chrono Boost)  
  27  2:32  Adept x2 (Chrono Boost)  
  27  2:33  Probe  
  27  2:35  Warp Gate  
  27  2:36  Probe  
  33  2:43  Pylon  
  33  2:45  Probe (Chrono Boost)  
  33  2:49  Mothership Core (Chrono Boost)  
  36  2:53  Pylon  
  36  2:57  Probe (Chrono Boost)  
  37  3:07  Probe (Chrono Boost)  
  37  3:08  Probe (Chrono Boost)  
  39  3:12  Robotics Facility  
  39  3:18  Probe x2 (Chrono Boost)  
  41  3:29  Probe x2 (Chrono Boost)  
  41  3:39  Twilight Council, Probe x2 (Chrono Boost)  
  43  3:50  Probe x2 (Chrono Boost)  
  45  3:56  Nexus  
  45  3:58  Pylon  
  45  3:59  Observer  
  45  4:00  Probe (Chrono Boost)  
  45  4:01  Probe (Chrono Boost)  
  48  4:10  Probe (Chrono Boost)  
  48  4:12  Probe (Chrono Boost)  
  48  4:18  Blink (Chrono Boost)  
  48  4:19  Probe  
  48  4:21  Observer, Assimilator x2  
  50  4:26  Gateway  
  50  4:28  Gateway  
  50  4:29  Gateway  
  50  4:38  Probe  
  51  4:40  Stalker  
  51  4:41  Stalker  
  54  4:49  Gateway  
  54  4:55  Warp Prism  
  54  4:56  Gateway  
  56  5:04  Stalker  
  56  5:05  Stalker  
  60  5:07  Probe  
  60  5:08  Probe  
  62  5:16  Probe  
  62  5:17  Probe  
  64  5:24  Stalker x2  
  64  5:25  Stalker  
  64  5:28  Stalker x2  
  72  5:37  Pylon  
  72  5:39  Pylon  
  72  5:41  Dark Shrine  
  72  5:50  Observer  
  72  5:56  Stalker x3  
  78  5:57  Stalker  
  78  5:58  Stalker  
  78  6:01  Stalker  
  84  6:06  Pylon  
  84  6:12  Probe  
  85  6:19  Probe x2  
  85  6:24  Probe  
  88  6:26  Forge  
  88  6:29  Probe x2  
  90  6:36  Stalker x4, Probe  
  90  6:38  Stalker  
  101  6:44  Pylon  
  101  6:48  Pylon  
  101  6:50  Pylon  
  101  6:52  Pylon  
  101  7:00  Probe  
  101  7:02  Protoss Ground Weapons Level 1 (Chrono Boost)  
  101  7:05  Probe  
  101  7:07  Probe  
  104  7:08  Sentry, Robotics Bay  
  104  7:10  Assimilator x2  
  104  7:11  Probe  
  107  7:16  Probe  
  107  7:19  Probe  
  109  7:27  Pylon  
  109  7:29  Pylon  
  109  7:32  Pylon  
  109  7:34  Probe  
  109  7:35  Probe  
  111  7:41  Probe  
  111  7:50  Probe  
  107  7:51  Probe  
  107  7:54  Photon Cannon  
  107  7:56  Sentry x2, Stalker x3, Photon Cannon  
  107  7:57  Stalker  
  121  7:59  Stalker  
  123  8:05  Disruptor, Pylon  
  123  8:10  Pylon  
  126  8:19  Dark Templar x3  
  132  8:21  Dark Templar  
  132  8:26  Photon Cannon  
  132  8:28  Photon Cannon  
  132  8:29  Probe  
  132  8:30  Probe  
  134  8:35  Sentry  
  134  8:36  Stalker x2  
  140  8:45  Disruptor  
  143  8:58  Stalker x4  
  143  8:59  Stalker  
  153  9:11  Protoss Ground Weapons Level 2 (Chrono Boost), Photon Cannon  
  153  9:12  Photon Cannon  
  153  9:14  Pylon  
  151  9:23  Disruptor  
  154  9:26  Stalker x3  
  156  9:42  Nexus  
  156  9:43  Dark Templar x2  
  156  9:45  Pylon  
  160  9:58  Warp Prism  
  160  10:01  Pylon  
  160  10:03  Stalker x2  
  160  10:04  Stalker x3  
  170  10:15  Photon Cannon  
  170  10:19  Photon Cannon  
  170  10:20  Robotics Facility  
  168  10:33  Dark Templar x4  
  176  10:40  Archon  
  176  10:44  Archon x2  
  176  10:56  Gateway  
  176  10:59  Gateway  
  176  11:04  Stalker x3  
  176  11:07  Disruptor  
  176  11:10  Stalker x2  
  189  11:16  Stalker x2  
  192  11:32  Stalker  
  192  11:33  Stalker x2  

Tags
 
Add a new tag
Caveats
  • Supply blocks, unpowered buildings, or Contaminate may cause inaccurate times.
  • Supply counts are checked every 10 seconds.